 Dungeon Crawl Stone Soup version 0.31-a0-836-g3ceb0a68c4 (webtiles) character file.

Game seed: 15837014851970932887

75 PimpSugar the Magician (level 4, 0/32 HPs)
             Began as a Demonspawn Hedge Wizard on Sept 26, 2023.
             Slain by Crazy Yiuf
             ... wielding a +2 quarterstaff of chaos
              (6 damage)
             ... on level 2 of the Dungeon.
             The game lasted 00:05:46 (1662 turns).

PimpSugar the Magician (Demonspawn Hedge Wizard)    Turns: 1662, Time: 00:05:46

Health: 0/32       AC:  3    Str: 10    XL:     4   Next: 11%
Magic:  5/9        EV: 12    Int: 18    God:
Gold:   86         SH:  0    Dex: 12    Spells: 6/10 levels left

rFire   + . .        p - +2 short sword (vamp)
rCold   + . .        (no shield)
rNeg    . . .        b - +0 robe
rPois   +            c - +0 hat
rElec   +            s - +0 cloak
rCorr   +            (no gloves)
SInv    .            (no boots)
Will    .....        (no amulet)
Stlth   ++           (no ring)
HPRegen 0.25/turn    (no ring)
MPRegen 0.11/turn

%: no passive effects
@: lethally poisoned (0 -> -4), resistant, hasted, very quick
A: antennae 1
a: no special abilities


You were on level 2 of the Dungeon.
You visited 1 branch of the dungeon, and saw 2 of its levels.

You collected 86 gold pieces.

Inventory:

Hand Weapons
 a - a +0 dagger
 k - a +0 sling
 p - a +2 vampiric short sword (weapon)
Missiles
 e - 6 boomerangs
 g - 19 stones
Armour
 b - a +0 robe (worn)
 c - a +0 hat (worn)
 s - a +0 cloak (worn)
Scrolls
 f - a scroll of identify {unknown}
 j - a scroll of silence {unknown}
 l - a scroll of acquirement {unknown}
 m - a scroll of immolation {unknown}
 o - 2 scrolls of teleportation {unknown}
 q - a scroll of fear {unknown}
 r - a scroll of enchant weapon {unknown}
Potions
 d - 3 potions of magic
 i - a potion of curing {unknown}


   Skills:
 + Level 1.4 Fighting
 - Level 1.7 Dodging
 - Level 1.7 Stealth
 * Level 3.7 Spellcasting
 + Level 1.9 Conjurations
 + Level 1.9 Summonings
 - Level 0.8 Translocations


You had 6 spell levels left.
You knew the following spells:

 Your Spells              Type           Power      Damage    Failure   Level
a - Magic Dart            Conj           40%        1d5       7%          1
b - Call Imp              Summ           20%        N/A       11%         2
d - Slow                  Hex            12%        N/A       16%         1

Your spell library contained the following spells:

 Spells                   Type           Power      Damage    Failure   Level
 Blink                    Tloc           12%        N/A       16%         2
 Cigotuvi's Dreadful Rot  Necr/Pois/Air  6%         N/A       22%         2
 Mephitic Cloud           Conj/Pois/Air  5%         N/A       34%         3


Dungeon Overview and Level Annotations

Branches:
Dungeon (2/15)

Altars:
Cheibriados

Annotations:
D:2 Crazy Yiuf


Innate Abilities, Weirdness & Mutations

You have a pair of small antennae on your head.


Message History

Crazy Yiuf cries, "Whiteboard!"
Crazy Yiuf hits your cerulean imp with a +2 quarterstaff of chaos!
Crazy Yiuf burns your cerulean imp.
Crazy Yiuf completely misses your cerulean imp.
Your cerulean imp barely misses Crazy Yiuf.
Crazy Yiuf hits your cerulean imp with a +2 quarterstaff of chaos!
Your cerulean imp dies!
Your cerulean imp disappears in a puff of smoke!
Crazy Yiuf says, "Proton!
Island foot hand."
Casting: Call Imp (safe; 11% risk of failure)
Confirm with . or Enter, or press ? or * to list all spells.
Aiming: Slow (safe; 16% risk of failure)
Press: ? - help, Shift-Dir - straight line, f/p - Crazy Yiuf
Aim: Crazy Yiuf, wielding a +2 quarterstaff of chaos and wearing a +1 cloak of stealth (lightly wounded, chance to affect: 45%) Crazy Yiuf seems to slow down.
Crazy Yiuf yells, "Shower return to song senile!"
Crazy Yiuf hits you with a +2 quarterstaff of chaos!
You are lethally poisoned!
You feel very sick.
You feel very sick.
It was a potion of heal wounds.
You feel much better.
You feel very sick.
You hit Crazy Yiuf but do no damage.
Crazy Yiuf is lightly wounded.
You feel very sick.
Crazy Yiuf hits you with a +2 quarterstaff of chaos!
You feel protected.
You hit Crazy Yiuf.
Crazy Yiuf is moderately wounded.
You feel sick.
Crazy Yiuf hits you with a +2 quarterstaff of chaos!
* * * LOW HITPOINT WARNING * * *
You feel sick.
You feel much better.
You feel sick.
Crazy Yiuf hits you with a +2 quarterstaff of chaos!!
Ouch! That really hurt!
* * * LOW HITPOINT WARNING * * *
It was a potion of haste.
You feel yourself speed up.
You feel sick.
Crazy Yiuf hits you with a +2 quarterstaff of chaos.
You die...

#.....######
#......#..). #######
#...........
#......#....
##......#.).. ###
♣♣###..######....
#)..#♣♣ ♣♣..#..##
###....
#...'.♣♣♣♣P.....#
##...##.
#...#♣..♣g.P...##
##..####. ###
♣♣♣.♣@..### ##..## ##
♣♣♣♣♣## #..## ##..###
### #.....# ##### #.#
#.....# #...# #.#
#.._..# #...#
#.#####.....# #...#
#..........[#
###...######..........##


You could see Crazy Yiuf.

Vanquished Creatures
  Jessica (D:2)
  2 adders (D:2)
  3 ball pythons (D:1)
  2 bats
  2 giant cockroaches (D:2)
  4 goblins
  3 hobgoblins
  3 kobolds
  2 quokkas (D:1)
  2 frilled lizards (D:1)
  A rat (D:2)
25 creatures vanquished.

Vanquished Creatures (collateral kills)
  A hobgoblin (D:1)
  A kobold (D:1)
  A quokka (D:2)
  A rat (D:1)
4 creatures vanquished.

Grand Total: 29 creatures vanquished

Notes
Turn   | Place    | Note
-------+----------+-------------------------------------------
     0 | D:1      | PimpSugar the Demonspawn Hedge Wizard began the quest for
                  | the Orb.
     0 | D:1      | Reached XP level 1. HP: 13/13 MP: 4/4
   419 | D:1      | Gained mutation: You have a pair of small antennae on your
                  | head. [demonic ancestry]
   419 | D:1      | Reached XP level 2. HP: 15/20 MP: 0/6
   569 | D:1      | Learned a level 2 spell: Call Imp
  1287 | D:2      | Noticed Jessica
  1295 | D:2      | Killed Jessica
  1296 | D:2      | Reached skill level 1 in Fighting
  1296 | D:2      | Reached XP level 3. HP: 26/26 MP: 8/8
  1412 | D:2      | Found a snail-covered altar of Cheibriados.
  1445 | D:2      | Reached XP level 4. HP: 22/32 MP: 9/9
  1521 | D:2      | Found a faded altar of an unknown god.
  1636 | D:2      | Found a runed translucent door.
  1637 | D:2      | Noticed Crazy Yiuf
  1642 | D:2      | Learned a level 1 spell: Slow
  1662 | D:2      | Slain by Crazy Yiuf

Illustrated notes

Levels and vault maps discovered:
D:1:      orjb1_clovarrival, layout_loops_corners
D:2:      layout_basic, basic_ecumenical_altar, basic_altar, uniq_jessica,
          uniq_crazy_yiuf_cottage

Skill      XL: |  1  2 |
---------------+-------+-----
Fighting       | 1 |  1.4
Dodging        | |  1.7
Stealth        | |  1.7
Spellcasting   | |  3.7
Conjurations   | |  1.9
Summonings     | |  1.9
Translocations | |  0.8

Action                     |  1- 3 |  4- 6 || total
---------------------------+-------+-------++-------
  Melee: Dagger            |    20 |       ||    20
         Short sword       |    36 |     6 ||    42
         Punch             |     1 |       ||     1
   Fire: Sling             |    11 |       ||    11
   Cast: Magic Dart        |    27 |       ||    27
         Call Imp          |     8 |     2 ||    10
         Slow              |       |     2 ||     2
    Use: Potion            |       |     3 ||     3
 Armour: Robe              |    48 |     7 ||    55
  Dodge: Dodged            |    60 |     3 ||    63

Table legend: (Time is in decaauts)
 A = Elapsed time spent in this place.
 B = Non-inter-level travel time spent in this place.
 C = Inter-level travel time spent in this place.
 D = Time resting spent in this place.
 E = Time spent auto-exploring this place.
 F = Levels seen in this place.
 G = Mean time per level.
                   A        B        C        D        E       F      G
               +--------+--------+--------+--------+--------+-----+--------+
         Total |   1683 |   1665 |     18 |     21 |   1224 |   2 |  841.5 |
       Dungeon |   1683 |   1665 |     18 |     21 |   1224 |   2 |  841.5 |
               +--------+--------+--------+--------+--------+-----+--------+

Top non-repeatable levels by time:
     D:1: 1238 daAuts
     D:2: 444 daAuts
